 Dungeon Crawl Stone Soup version 0.19.4-10-g532645f (webtiles) character file.

77 Magnus the Insei (level 4, -19/38 HPs)
             Began as a Naga Transmuter on Feb 26, 2017.
             Killed themself with a badly aimed bolt of fire (20 damage)
             ... on level 2 of the Dungeon.
             The game lasted 00:06:04 (2109 turns).

Magnus the Insei (Naga Transmuter)                  Turns: 2109, Time: 00:06:04

Health: -19/38     AC:  2    Str: 16 (17) XL:     4   Next: 34%
Magic:  7/7        EV: 10    Int: 22 (23) God:
Gold:   88         SH:  0    Dex: 12 (13) Spells: 2 memorised, 3 levels left

rFire  . . .     SeeInvis +       - Unarmed
rCold  . . .     Gourm    .     b - +0 robe
rNeg   . . .     Faith    .     (no shield)
rPois  +         Spirit   .     (no helmet)
rElec  .         Reflect  .     (no cloak)
rCorr  .         Harm     .     (no gloves)
MR     .....                    (no barding)
Stlth  +.........               (no amulet)
                                (no ring)
                                p - +5 ring of intelligence

@: mighty, brilliant, lethally poisoned (-19 -> -20), very slow
A: see invisible, deformed body, poison resistance, slowness 2, slow metabolism
1, spit poison 1, AC +1
a: Spit Poison


You were on level 2 of the Dungeon.
You were not hungry.

You visited 1 branch of the dungeon, and saw 2 of its levels.

You collected 88 gold pieces.

Inventory:

Missiles
 a - 30 arrows
Armour
 b - a +0 robe (worn)
Jewellery
 p - a +5 ring of intelligence (left hand)
Wands
 s - a wand of random effects (20/48)
Scrolls
 e - a scroll of fog {unknown}
 i - 2 scrolls of identify {unknown}
 j - a scroll of fear {unknown}
 n - a scroll of teleportation {unknown}
 o - 2 scrolls of immolation {unknown}
 r - a scroll of remove curse {unknown}
Potions
 m - a potion of degeneration
Books
 c - a book of Changes

   Spells                             Type                      Level
   a - Beastly Appendage              Transmutation                1
   b - Sticks to Snakes               Transmutation                2
   c - Spider Form                    Transmutation/Poison         3
   d - Ice Form                       Ice/Transmutation            4
   e - Blade Hands                    Transmutation                5
Comestibles
 d - 2 bread rations
 f - 3 meat rations
 g - 3 fruits
 k - a beef jerky
 t - 5 chunks of flesh


   Skills:
 - Level 1.0 Fighting
 - Level 1.5 Dodging
 + Level 4.2 Unarmed Combat
 - Level 2.0 Spellcasting
 + Level 3.3 Transmutations


You had 3 spell levels left.
You knew the following spells:

 Your Spells              Type           Power        Failure   Level  Hunger
a - Beastly Appendage     Tmut           ####..       1%          1    #......
b - Spider Form           Tmut/Pois      ###.......   2%          3    ###....


Dungeon Overview and Level Annotations

Branches:
Dungeon (2/15)

Altars:
Xom


Innate Abilities, Weirdness & Mutations

You cannot wear boots.
Your serpentine skin is tough. (AC +1)
You have supernaturally acute eyesight. (SInv)
Armour fits poorly on your strangely shaped body.
Your system is resistant to poisons. (rPois)
You cover ground very slowly.
You have a slow metabolism.
You can spit poison.


Message History

* * * LOW HITPOINT WARNING * * *
You feel sick.
* * * LOW HITPOINT WARNING * * *
You feel sick.
You feel clever.
p - a +5 ring of intelligence (left hand) Evoke which item? (* to show all) (? for menu, Esc to quit)
Zapping:
s - a wand of random effects (will waste charges)
Press: ? - help, Shift-Dir - straight line, f - you Really target yourself?
You suddenly lose the ability to move!
Evoking this partially-identified wand wasted a few charges.
You can move again.
Evoke which item? (* to show all) (? for menu, Esc to quit)
Zapping:
s - a wand of random effects {zapped: 2} (will waste charges)
Press: ? - help, Shift-Dir - straight line, f - you Really target yourself?
The bolt of fire hits you!
Ouch! That really hurt!
You die...

#...>........# ....
.###<........##....# ....##
.............## #### #.... .
###..........# ##.. .. .
#..........# ... ...
#...........#######.... ....
#.....<...#.........#.#.....
#.###########..######.......
####.##########.@.###..†.......
#...[...........#.....#####....
#........########..#### .
#......).# #.## ########## ###


There were no monsters in sight!

Vanquished Creatures
  3 adders (D:2)
  2 oozes
  2 worms (D:2)
  3 dart slugs
  A giant cockroach (D:1)
  6 goblins
  3 hobgoblins
  3 kobolds
  2 bats
  9 rats
34 creatures vanquished.

Notes
Turn   | Place    | Note
-------+----------+-------------------------------------------
     0 | D:1      | Magnus the Naga Transmuter began the quest for the Orb.
     0 | D:1      | Reached XP level 1. HP: 18/18 MP: 3/3
   191 | D:1      | Reached XP level 2. HP: 20/25 MP: 5/5
  1308 | D:2      | Reached XP level 3. HP: 31/31 MP: 6/6
  1315 | D:2      | Learned a level 3 spell: Spider Form
  1615 | D:2      | Found a shimmering altar of Xom.
  1913 | D:2      | Reached skill level 4 in Unarmed Combat
  1998 | D:2      | Reached XP level 4. HP: 38/38 MP: 3/7
  2104 | D:2      | HP: 1/38 [poisoned by an adder]
  2106 | D:2      | Paralysed by you for 3 turns
  2109 | D:2      | Killed themself with a badly aimed bolt of fire

Skill      XL: |  1  2  3 |
---------------+----------+-----
Transmutations | 3 |  3.3
Unarmed Combat | 4 |  4.2
Fighting       | |  1.0
Dodging        | |  1.5
Spellcasting   | |  2.0

Action                   |  1- 3 |  4- 6 || total
-------------------------+-------+-------++-------
Melee: Unarmed           |   102 |    25 ||   127
       Punch             |     1 |       ||     1
 Cast: Spider Form       |     2 |       ||     2
Evoke: Wand              |       |     1 ||     1
  Use: Potion            |       |     4 ||     4
  Eat: Chunk             |     2 |     1 ||     3
Armor: Robe              |    10 |     2 ||    12
       Skin              |     2 |       ||     2
Dodge: Dodged            |    49 |    12 ||    61
